 Dungeon Crawl Stone Soup version 0.23-a0-650-ga4d50d4 (console) character file.

378 bli the Shield-Bearer (level 7, 0/54 HPs)
             Began as a Formicid Fighter on Jan 4, 2019.
             Was an Initiate of Ru.
             Killed by nerve-wracking pain
             ... invoked by an orc priest
              (4 damage)
             ... on level 4 of the Dungeon.
             The game lasted 00:11:34 (3256 turns).

bli the Shield-Bearer (Formicid Fighter)            Turns: 3256, Time: 00:11:35

Health: 0/54       AC: 20    Str: 22    XL:     7   Next: 4%
Magic:  7/7        EV:  8    Int:  4    God:    Ru [......]
Gold:   98         SH: 10    Dex: 11    Spells: 6/6 levels left

rFire    . . .     SeeInvis +   b - +2 dagger (protect)
rCold    . . .     Gourm    .   c - +0 shield
rNeg     + . .     Faith    .   x - +0 pearl dragon scales
rPois    .         Spirit   .   (helmet unavailable)
rElec    .         Reflect  .   (no cloak)
rCorr    .         Harm     .   h - +0 pair of gloves
MR       .....                  (no boots)
Stlth    ..........             (no amulet)
HPRegen  0.18/turn              n - -3 ring of intelligence (curse)
MPRegen  0.10/turn              t - ring of teleportation (curse)

@: protection aura
A: permanent stasis, dig shafts and tunnels, four strong arms, antennae 3
a: Dig, Shaft Self, Renounce Religion


You were on level 4 of the Dungeon.
You worshipped Ru.
Ru was noncommittal.
You were not hungry.

You visited 1 branch of the dungeon, and saw 4 of its levels.

You collected 98 gold pieces.

Inventory:

Hand Weapons
 a - a +1 long sword
 b - a +2 dagger of protection (weapon)
 g - a +0 dagger
 i - a +0 falchion
 C - a +1 mace of protection
 I - a +0 great sword
Missiles
 e - 143 stones
 r - 13 sling bullets
 y - 6 javelins
 z - 2 throwing nets (quivered)
 A - 16 poisoned needles
Armour
 c - a +0 shield (worn)
 h - a +0 pair of gloves (worn)
 o - a +0 leather armour
 v - a +0 ring mail
 x - +0 pearl dragon scales (worn)
 D - a +0 scale mail
Magical Staves
 w - an uncursed staff of wizardry {unknown}
Jewellery
 n - a cursed -3 ring of intelligence (left hand)
 t - a cursed ring of teleportation (right hand)
Scrolls
 j - 2 scrolls of enchant weapon
 s - a scroll of enchant armour {unknown}
 u - a scroll of fear
 E - a scroll of identify {unknown}
 F - a scroll of remove curse {unknown}
 H - 2 scrolls of fog {unknown}
Potions
 d - 2 potions of might
 k - a potion of magic {unknown}
 l - a potion of agility {unknown}
 m - 2 potions of flight {unknown}
 p - 2 potions of cancellation {unknown}
 q - a potion of haste
 B - 2 potions of curing {unknown}
Comestibles
 f - 4 rations


   Skills:
 + Level 4.1 Fighting
 * Level 2.2(3.3) Short Blades
 + Level 3.9(4.2) Long Blades
 * Level 4.4 Armour
 + Level 5.6 Shields


You had 6 spell levels left.
You didn't know any spells.
Your spell library was empty.

Dungeon Overview and Level Annotations

Branches:
Dungeon (4/15)             Temple (0/1) D:4

Altars:
Fedhas
Qazlal
Ru
Xom
Zin


Innate Abilities, Weirdness & Mutations

You cannot be hasted, slowed, berserked, paralysed or teleported.
You can dig through walls and to a lower floor.
Your four strong arms can wield two-handed weapons with a shield.
You have a pair of large antennae on your head. (SInv)


Message History

The orc wizard hits you but does no damage.
You hit the orc wizard.
The orc wizard is almost dead.
The orc wizard completely misses you.
You hit the orc wizard.
The orc wizard is almost dead.
The orc wizard hits you but does no damage.
The orc priest mumbles some strange prayers to Beogh against you.
Beogh smites you!
* * * LOW HITPOINT WARNING * * *
You hit the orc wizard.
You kill the orc wizard!
You feel your dexterity returning.
Your base Short Blades skill increases to level 2!
You have reached level 7!
You hit the orc priest but do no damage.
The orc priest is heavily wounded.
The orc priest calls down the wrath of Beogh upon you.
Pain shoots through your body!
You die...

.##.####.##.#
.........##.####.#
.##....#.........#
...........>######
..........#.#
.###.#.#..#.######
.##..#.............
.....#......#######
..######.........#
.....#...#..####.#
.##..#)#.#..####@#
....))...#....##o#
####..#######.##o#
##..).#.<..##.#
##.#)#.#####.#
#.#.#.# #.# #.#<..#
#.# #.##### #.#
####..# #.....#
###.#...#


You could see an orc priest and an orc.

Vanquished Creatures
  A centaur (D:4)
  A quasit (D:4)
  2 orc wizards (D:4)
  A worker ant (D:4)
  Terence (D:3)
  6 adders
  An ooze (D:2)
  3 worms (D:3)
  A dart slug (D:1)
  3 leopard geckos
  5 orcs
  2 ball pythons
  3 giant cockroaches
  15 goblins
  10 hobgoblins
  3 jackals (D:1)
  7 kobolds
  11 bats
  7 frilled lizards
  9 rats
92 creatures vanquished.

Notes
Turn   | Place    | Note
-------+----------+-------------------------------------------
     0 | D:1      | bli the Formicid Fighter began the quest for the Orb.
     0 | D:1      | Reached XP level 1. HP: 18/18 MP: 1/1
    95 | D:1      | Reached XP level 2. HP: 24/24 MP: 2/2
   126 | D:1      | Reached skill level 4 in Shields
   278 | D:1      | Reached XP level 3. HP: 29/29 MP: 3/3
   684 | D:2      | Found a glowing silver altar of Zin.
   781 | D:2      | Found a stormy altar of Qazlal.
   948 | D:2      | Reached XP level 4. HP: 28/36 MP: 4/4
   962 | D:2      | Found a shimmering altar of Xom.
  1090 | D:2      | Reached skill level 5 in Shields
  1486 | D:2      | Reached XP level 5. HP: 24/42 MP: 5/5
  2139 | D:3      | Noticed Terence
  2145 | D:3      | Killed Terence
  2178 | D:3      | Found a sacrificial altar of Ru.
  2183 | D:3      | Became a worshipper of Ru the Awakened
  2225 | D:3      | Found a blossoming altar of Fedhas.
  2885 | D:4      | Noticed a centaur
  2905 | D:4      | Killed a centaur
  2905 | D:4      | Reached XP level 6. HP: 40/48 MP: 6/6
  2992 | D:4      | Reached skill level 1 in Short Blades
  3150 | D:4      | Found a staircase to the Ecumenical Temple.
  3255 | D:4      | Reached XP level 7. HP: 3/54 MP: 7/7
  3256 | D:4      | Killed from afar by an orc priest

Vault maps used:
D:1:      lemuel_arrival_room, fountainhead, minmay_misc_feat_five,
          minmay_tromino_v4_b
D:2:      lemuel_doored_altar, old_standard_altar, serial_bayou_ford_a,
          lemuel_tele_altar
D:3:      nicolae_ru_the_path_less_chosen, overflow_temple_1_default,
          uniq_terence
D:4:      temple_pool_b, first_ration, xom_redecorated

Skill      XL: |  1  2  3  4  5  6 |
---------------+-------------------+-----
Shields        | 4 5 |  5.6
Long Blades    | 3 |  3.9
Fighting       | 4 |  4.1
Armour         | 4 |  4.4
Short Blades   | 2 |  2.2

Action                   |  1- 3 |  4- 6 |  7- 9 || total
-------------------------+-------+-------+-------++-------
Melee: Long sword        |   114 |    80 |       ||   194
       Dagger            |       |   164 |     1 ||   165
Throw: Stone             |     2 |     2 |       ||     4
       Throwing net      |       |     1 |       ||     1
 Abil: Dig               |     1 |       |       ||     1
  Use: Scroll            |       |     2 |       ||     2
 Stab: Sleeping          |     1 |       |       ||     1
  Eat: Chunk             |     1 |     7 |       ||     8
Armor: Scale mail        |    30 |       |       ||    30
       Leather armour    |    15 |    13 |       ||    28
       Ring mail         |       |    27 |       ||    27
       Pearl dragon scal |       |    58 |       ||    58
Dodge: Dodged            |    34 |    63 |       ||    97
Block: Shield            |    61 |   103 |       ||   164
       Rpst.: Long sword |    15 |     8 |       ||    23

Table legend:
 A = Non-vault XP
 B = Vault XP
 C = Vault XP percentage of total XP
 D = Non-vault monster count
 E = Vault monster count
 F = Vault count percentage of total count
                 A         B        C        D         E       F
            +---------+---------+-------+---------+---------+-------
      Total |     506 |      34 |   6.3 |      89 |       3 |   3.3
            +---------+---------+-------+---------+---------+-------
        D:1 |      44 |       2 |   4.3 |      27 |       2 |   6.9
        D:2 |      99 |       0 |   0.0 |      28 |       0 |   0.0
        D:3 |      61 |      32 |  34.4 |      23 |       1 |   4.2
        D:4 |     302 |       0 |   0.0 |      11 |       0 |   0.0
            +---------+---------+-------+---------+---------+-------
